 Dungeon Crawl Stone Soup version 0.25-a0-294-gea9b1ad378 (webtiles) character file.

Game seed: 7036292977293349996, levelgen mode: classic

5998 Borgoz the Basher (level 10, -4/61 HPs)
             Began as a Gargoyle Berserker on Dec 19, 2019.
             Was an Elder of Trog.
             Slain by a tentacled starspawn (14 damage)
             ... on level 1 of the Abyss.
             The game lasted 00:10:32 (7548 turns).

Borgoz the Basher (Gargoyle Berserker)              Turns: 7548, Time: 00:10:33

Health: -4/61      AC: 16    Str: 23    XL:     10   Next: 85%
Magic:  0/13       EV: 15    Int:  9    God:    Trog [****..]
Gold:   410        SH:  0    Dex: 12    Spells: 9/9 levels left

rFire    . . .     SeeInvis +   x - +4 mace (freeze) (curse)
rCold    . . .     Gourm    .   (no shield)
rNeg     + . .     Faith    .   w - +2 robe of Miracles {+Blink Str+3 Slay+2 Stlth+}
rPois    ∞         Spirit   +   (no helmet)
rElec    +         Reflect  .   f - +0 cloak
rCorr    +         Harm     .   z - +2 pair of gloves
MR       ++...                  (no boots)
Stlth    ++........             p - amulet of guardian spirit
HPRegen  1.20/turn              g - ring of see invisible
MPRegen  0.13/turn              t - ring of resist corrosion

@: berserk cooldown, regenerating, slowed, very slow
A: negative energy resistance 1, screaming 1, electricity resistance,
unbreathing, petrification resistance, rot immunity, AC +7
a: Berserk, Trog's Hand, Brothers in Arms, Renounce Religion, Evoke Blink


You were on level 1 of the Abyss.
You worshipped Trog.
Trog was greatly pleased with you.
You were not hungry.

You visited 1 branch of the dungeon, and saw 9 of its levels.
You visited the Abyss 1 time.

You collected 410 gold pieces.

Inventory:

Hand Weapons
 x - a cursed +4 mace of freezing (weapon)
Armour
 b - a +0 animal skin
 f - a +0 cloak (worn)
 w - the +2 robe of Miracles (worn) {+Blink Str+3 Slay+2 Stlth+}
   (You found it on level 5 of the Dungeon)

   It affects your strength (+3).
   It affects your accuracy and damage with ranged weapons and melee attacks
   (+2).
   It lets you blink.
   It makes you more stealthy.
 z - a +2 pair of gloves (worn)
Jewellery
 g - a ring of see invisible (left hand)
 p - an amulet of guardian spirit (around neck)
 t - a ring of resist corrosion (right hand)
 B - an uncursed ring of protection from cold {unknown}
Wands
 E - a wand of iceblast (10)
 F - a wand of random effects (8)
 I - a wand of polymorph (7)
Scrolls
 e - 3 scrolls of blinking {unknown}
 j - a scroll of fog {unknown}
 k - 4 scrolls of fear {unknown}
 m - 4 scrolls of amnesia {unknown}
 n - a scroll of enchant weapon {unknown}
 o - a scroll of enchant armour {unknown}
 r - 9 scrolls of identify {unknown}
 v - 6 scrolls of teleportation {unknown}
 y - 2 scrolls of noise {unknown}
 C - a scroll of immolation {unknown}
 D - 3 scrolls of remove curse {unknown}
 G - a scroll of random uselessness {unknown}
 H - a scroll of magic mapping {unknown}
Potions
 a - a potion of magic {unknown}
 d - 3 potions of brilliance {unknown}
 h - a potion of degeneration {unknown}
 i - 3 potions of curing {unknown}
 l - 4 potions of lignification {unknown}
 q - 2 potions of resistance {unknown}
 s - a potion of agility {unknown}
 u - a potion of ambrosia {unknown}
 J - a potion of cancellation {unknown}
Comestibles
 c - 12 rations


   Skills:
 + Level 6.6 Fighting
 * Level 10.4 Maces & Flails
 + Level 8.0 Armour
 + Level 6.1 Dodging
 + Level 4.6 Evocations


You had 9 spell levels left.
You didn't know any spells.
Your spell library was empty.

Dungeon Overview and Level Annotations

Branches:
Dungeon (9/15)             Temple (0/1) D:4
   Lair: D:8-11         Orc: D:9-12

Altars:
Ashenzari
Elyvilon
Nemelex Xobeh
Okawaru
Trog
The Shining One

Annotations:
D:4 2 transporters, Borgoz's ghost, amateur GrBe


Innate Abilities, Weirdness & Mutations

You are resistant to torment.
Your stone body is resilient. (AC +7)
You are immune to poison.
You resist negative energy. (rN+)
You are resistant to electric shocks. (rElec)
You can survive without breathing.
You are immune to petrification.
You are immune to rotting.
You occasionally shout uncontrollably at your foes.


Message History

The tentacled starspawn closely misses you.
You're still recovering from your berserk rage.
You hit the tentacled starspawn but do no damage.
The tentacled starspawn is moderately damaged.
The tentacled starspawn closely misses you.
The tentacled starspawn completely misses you.
The tentacled starspawn bites you!!
* * * LOW HITPOINT WARNING * * *
The tentacled starspawn engulfs you but does no damage.
You hear a shout!
Your skin crawls.
You feel resistant to hostile enchantments.
You feel somewhat more hungry.
The tentacled starspawn barely misses you.
The tentacled starspawn engulfs you.
You thump the tentacled starspawn! You freeze the tentacled starspawn.
The tentacled starspawn is moderately damaged.
The tentacled starspawn closely misses you.
The tentacled starspawn engulfs you!
You die...

# . #. ##
.. #
###.#####
#.# .#
##..@.##. #
## ##
##X###..#..
# . #..
##.##(....
# # . #.#
#.Xw. . # #
.. .#≈≈≈≈
.##....#
.#. .≈
≈.....#
#### . . .3
##.#.# ...
. .# ≈
....## .#
.. ≈#≈≈#. .
# ..


You could see a tentacled starspawn.

Vanquished Creatures
  A thrashing horror (Abyss:1)
  Joseph (D:8)
  Prince Ribbit (D:7)
  Grinder (D:4)
  3 hippogriffs
  2 small abominations (Abyss:1)
  A large abomination (Abyss:1)
  Sigmund (D:3)
  Eustachio (D:5)
  A chaos spawn (Abyss:1)
  A neqoxec (Abyss:1)
  An orc warrior (D:7)
  A sky beast (D:8)
  2 ice beasts
  A necrophage (D:7)
  2 ogres
  A phantom (D:5)
  2 centaurs
  2 eyes of draining (D:3)
  5 bullfrogs
  2 scorpions (D:4)
  3 wights (D:5)
  6 killer bees
  7 crimson imps
  A bullfrog zombie (D:6)
  A jelly (D:7)
  4 hounds
  3 centaur skeletons
  3 orc priests
  2 orc wizards
  Terence (D:3)
  10 worker ants
  An iguana (D:7)
  2 worker ant zombies
  4 gnolls
  A howler monkey skeleton (D:4)
  12 adders
  4 shadow imps
  An ufetubus (Abyss:1)
  3 oozes
  An adder zombie (D:6)
  2 adder skeletons
  A dart slug (D:3)
  3 leopard geckos
  34 orcs
  2 ball pythons (D:2)
  8 giant cockroaches
  6 goblins
  3 hobgoblins
  17 jackals
  7 kobolds
  2 quokkas
  9 bats
  2 frilled lizards
  2 quokka skeletons
  A quokka zombie (D:5)
  6 rats
208 creatures vanquished.

Vanquished Creatures (others)
  2 starspawn tentacles (Abyss:1)
2 creatures vanquished.

Grand Total: 210 creatures vanquished

Notes
Turn   | Place    | Note
-------+----------+-------------------------------------------
     0 | D:1      | Borgoz the Gargoyle Berserker began the quest for the Orb.
     0 | D:1      | Reached XP level 1. HP: 14/14 MP: 1/1
   308 | D:1      | Reached XP level 2. HP: 19/19 MP: 2/2
   318 | D:1      | You fall into a shaft and drop 1 floor!
   562 | D:1      | Reached XP level 3. HP: 23/23 MP: 3/3
  1047 | D:2      | Found a sparkling altar of Nemelex Xobeh.
  1410 | D:2      | Reached skill level 4 in Maces & Flails
  1410 | D:2      | Reached XP level 4. HP: 26/28 MP: 4/4
  1446 | D:2      | Reached ** piety under Trog
  1751 | D:3      | Noticed Terence
  1755 | D:3      | Killed Terence
  1812 | D:3      | Reached XP level 5. HP: 25/32 MP: 5/5
  1962 | D:3      | Noticed Sigmund
  1975 | D:3      | Killed Sigmund
  1975 | D:3      | Reached skill level 5 in Maces & Flails
  1975 | D:3      | Reached XP level 6. HP: 37/37 MP: 4/6
  1981 | D:3      | Found a bloodstained altar of Trog.
  1981 | D:3      | Noticed an eye of draining
  2051 | D:3      | Killed an eye of draining
  2105 | D:3      | Noticed an eye of draining
  2120 | D:3      | Killed an eye of draining
  2120 | D:3      | Reached XP level 7. HP: 41/41 MP: 0/7
  2420 | D:4      | Reached skill level 6 in Maces & Flails
  2860 | D:4      | Found a transporter.
  2935 | D:4      | Found a transporter.
  2935 | D:4      | Noticed Borgoz's ghost (amateur GrBe)
  2935 | D:4      | Identified the +7 great mace "Zunyqeuga" {freeze, Fragile
                  | rF+++ Dex-4 SInv}
  3266 | D:4      | Noticed Grinder
  3278 | D:4      | Killed Grinder
  3278 | D:4      | Reached skill level 7 in Maces & Flails
  3278 | D:4      | Reached skill level 5 in Armour
  3278 | D:4      | Reached XP level 8. HP: 46/46 MP: 5/8
  3395 | D:4      | Reached *** piety under Trog
  3703 | D:4      | Found a staircase to the Ecumenical Temple.
  3893 | D:5      | Entered Level 5 of the Dungeon
  3963 | D:5      | Got a smoking robe
  3974 | D:5      | Identified the +2 robe of Miracles {+Blink Str+3 Slay+2
                  | Stlth+} (You found it on level 5 of the Dungeon)
  3978 | D:5      | Found a shattered altar of Ashenzari.
  3997 | D:5      | Noticed Eustachio
  4016 | D:5      | Killed Eustachio
  4029 | D:5      | Found a glowing golden altar of the Shining One.
  4079 | D:5      | Reached skill level 1 in Evocations
  4417 | D:5      | Reached skill level 8 in Maces & Flails
  4711 | D:6      | Reached XP level 9. HP: 45/52 MP: 5/10
  5279 | D:7      | Reached **** piety under Trog
  5564 | D:7      | Reached skill level 5 in Dodging
  5669 | D:7      | Reached skill level 5 in Fighting
  5721 | D:7      | Reached skill level 9 in Maces & Flails
  5950 | D:7      | Found an iron altar of Okawaru.
  6182 | D:7      | Noticed Prince Ribbit
  6238 | D:7      | Killed Prince Ribbit
  6238 | D:7      | Reached XP level 10. HP: 55/60 MP: 12/12
  6452 | D:8      | Noticed Joseph
  6472 | D:8      | Killed Joseph
  6799 | D:8      | Reached skill level 10 in Maces & Flails
  6873 | D:8      | Found a white marble altar of Elyvilon.
  7202 | D:9      | Cast into level 1 of the Abyss (gnoll sergeant)
  7280 | Abyss:1  | Noticed an Executioner
  7327 | Abyss:1  | Noticed a thrashing horror
  7355 | Abyss:1  | Killed a thrashing horror
  7468 | Abyss:1  | Gained mutation: You occasionally shout uncontrollably at
                  | your foes. [a neqoxec]
  7517 | Abyss:1  | Noticed a smoke demon
  7538 | Abyss:1  | Noticed a tentacled starspawn
  7548 | Abyss:1  | Slain by a tentacled starspawn

Levels and vault maps discovered:
D:1:      dpeg_chamrin_arrival_tetris, layout_loops_corners, lemuel_old_faithful
D:2:      layout_loops_ring, nemelex_xobeh_ov_fountains_minmay,
          serial_park_tiny_pond, st_stairs_5
D:3:      layout_rooms, trog_eyes_of_draining, uniq_terence, uniq_sigmund
D:4:      layout_loops_cross, minmay_temple_entry_stoned_glass,
          gammafunk_ghost_smash, first_ration, uniq_grinder
D:5:      layout_loops_cross, nicolae_ashenzari_panopticon, lemuel_round_altar,
          uniq_eustachio
D:6:      layout_loops_ring
D:7:      cheibrodos_barr_body, layout_loops_corners,
          kennysheep_okawaru_gauntlet, uniq_prince_ribbit1
D:8:      layout_loops_ring, elyvilon_altar_5, uniq_joseph
D:9:      layout_roguey, lair_entry_dummy, orc_0_dummy
Abyss:1:  base:
D:4

Skill      XL: |  1  2  3  4  5  6  7  8  9 10 |
---------------+-------------------------------+-----
Dodging        | 2 3 4 5 6 |  6.1
Maces & Flails | 4 5 7 8 9 10 | 10.4
Armour         | 3 4 5 6 7 8 |  8.0
Evocations     | 1 3 4 |  4.6
Fighting       | 4 5 6 |  6.6

Action                   |  1- 3 |  4- 6 |  7- 9 | 10-12 || total
-------------------------+-------+-------+-------+-------++-------
Melee: Mace              |   122 |   134 |   431 |   147 ||   834
Invok: Berserk           |       |     2 |     5 |     2 ||     9
       Trog's Hand       |       |     2 |     2 |     2 ||     6
Evoke: Wand              |       |       |     5 |       ||     5
 Stab: Sleeping          |       |       |     5 |     1 ||     6
  Eat: Chunk             |     2 |     5 |    16 |     3 ||    26
       Ration            |       |       |     1 |     2 ||     3
Armor: Animal skin       |    58 |    73 |    55 |       ||   186
       Robe              |       |       |    80 |    85 ||   165
Dodge: Dodged            |   102 |   129 |   247 |   135 ||   613

Table legend:
 A = Non-vault XP
 B = Vault XP
 C = Vault XP percentage of total XP
 D = Non-vault monster count
 E = Vault monster count
 F = Vault count percentage of total count
                 A         B        C        D         E       F
            +---------+---------+-------+---------+---------+-------
      Total |    6278 |    2291 |  26.7 |     184 |      24 |  11.5
            +---------+---------+-------+---------+---------+-------
        D:1 |      24 |       0 |   0.0 |      11 |       0 |   0.0
        D:2 |      82 |       7 |   7.9 |      31 |       4 |  11.4
        D:3 |      62 |     507 |  89.1 |      18 |       5 |  21.7
        D:4 |     488 |     262 |  34.9 |      29 |       1 |   3.3
        D:5 |     626 |     211 |  25.2 |      20 |       1 |   4.8
        D:6 |     424 |       0 |   0.0 |      19 |       0 |   0.0
        D:7 |    1325 |     818 |  38.2 |      25 |      12 |  32.4
        D:8 |    1218 |     486 |  28.5 |      18 |       1 |   5.3
        D:9 |     214 |       0 |   0.0 |       6 |       0 |   0.0
    Abyss:1 |    1815 |       0 |   0.0 |       7 |       0 |   0.0
            +---------+---------+-------+---------+---------+-------
